 Dungeon Crawl Stone Soup version 0.30.1 (webtiles) character file.

Game seed: 4988781508989812864

312 H0rd4k the Charlatan (level 6, 0/69 HPs)
             Began as a Human Artificer on July 6, 2023.
             Succumbed to a scorpion's poison
             ... on level 4 of the Dungeon.
             The game lasted 00:03:26 (3537 turns).

H0rd4k the Charlatan (Human Artificer)              Turns: 3537, Time: 00:03:27

Health: 0/69       AC: 23    Str: 12    XL:     6   Next: 70%
Magic:  6/6        EV:  2    Int: 13    God:
Gold:   207        SH:  0    Dex: 20    Spells: 5/5 levels left

rFire   . . .        t - +3 short sword
rCold   . . .        (no shield)
rNeg    . . .        b - melded +0 leather armour
rPois   +            (helmet currently unavailable)
rElec   .            (cloak currently unavailable)
rCorr   +            (gloves currently unavailable)
SInv    .            (boots currently unavailable)
Will    .....        (no amulet)
Stlth   ++           r - ring of resist corrosion
HPRegen 0.31/turn    v - +6 ring of dexterity
MPRegen 0.10/turn

%: no passive effects
@: lethally poisoned (0 -> -9), tree-form, attractive
A: stationary, stasis, torment immunity, boosted hp
a: no special abilities


You were on level 4 of the Dungeon.
You were a tree.
You visited 1 branch of the dungeon, and saw 4 of its levels.

You collected 207 gold pieces.

Inventory:

Hand Weapons
 a - a +0 club
 t - a +3 short sword (weapon)
Missiles
 w - 2 poisoned darts
Armour
 b - a +0 leather armour (melded)
Jewellery
 r - a ring of resist corrosion (left branch)
 v - a +6 ring of dexterity (right branch)
 y - a ring of flight
Wands
 c - a wand of flame (1) (quivered)
 d - a wand of charming (10)
 e - a wand of iceblast (3)
Scrolls
 g - 2 scrolls of enchant armour {unknown}
 j - 2 scrolls of fog {unknown}
 k - 2 scrolls of identify {unknown}
 l - 2 scrolls of poison {unknown}
 m - a scroll of blinking {unknown}
 n - a scroll of amnesia {unknown}
 p - a scroll of noise {unknown}
 q - a scroll of enchant weapon {unknown}
 s - a scroll of teleportation {unknown}
 u - a scroll of brand weapon {unknown}
Potions
 f - a potion of attraction
 h - 2 potions of resistance {unknown}
 i - a potion of lignification
 o - a potion of invisibility {unknown}
 x - a potion of experience {unknown}


   Skills:
 + Level 2.9 Fighting
 + Level 2.2 Short Blades
 - Level 1.2 Maces & Flails
 - Level 2.0 Armour
 + Level 3.3 Dodging
 + Level 2.3 Stealth
 + Level 3.9 Evocations


You had 5 spell levels left.
You didn't know any spells.
Your spell library contained the following spells:

 Spells                   Type           Power      Damage    Failure   Level
 Beastly Appendage        Tmut           0%         N/A       30%         1
 Foxfire                  Conj/Fire      0%         2x1d4     30%         1
 Blink                    Tloc           0%         N/A       43%         2
 Ensorcelled Hibernation  Hex/Ice        0%         N/A       43%         2
 Lesser Beckoning         Tloc           0%         N/A       43%         2
 Momentum Strike          Conj/Tloc      0%         3d8       43%         2
 Wereblood                Tmut           0%         N/A       43%         2
 Gell's Gravitas          Tloc           0%         N/A       67%         3
 Spider Form              Tmut/Pois      0%         N/A       67%         3
 Teleport Other           Tloc           0%         N/A       67%         3
 Anguish                  Hex/Necr       0%         N/A       97%         4
 Blade Hands              Tmut           0%         N/A       100%        5
 Irradiate                Conj/Tmut      0%         3d11      100%        5
 Dispersal                Tloc           0%         N/A       100%        6
 Dragon Form              Tmut           0%         N/A       100%        7


Dungeon Overview and Level Annotations

Branches:
Dungeon (4/15)
 Temple: D:4-7

Altars:


Message History

You barely miss the scorpion.
The scorpion is severely wounded.
You feel very sick. The scorpion stings you.
You are lethally poisoned!
The scorpion poisons you!
You hit the scorpion.
The scorpion is severely wounded.
You feel very sick.
The scorpion stings you but does no damage.
The scorpion completely misses you.
You hit the scorpion but do no damage.
The scorpion is severely wounded.
* * * LOW HITPOINT WARNING * * *
You feel very sick. The scorpion closely misses you.
You are too injured to fight recklessly!
Aiming: Throw Flame
Press: ? - help, Q - select action, (/) - cycle Shift-Dir - straight line, f/p - scorpion
Aim: a scorpion (severely wounded, 71% to hit)
The puff of flame hits the scorpion but does no damage.
The scorpion is severely wounded.
* * * LOW HITPOINT WARNING * * *
You feel very sick. The scorpion completely misses you.
Aiming: Throw Flame
Press: ? - help, Q - select action, (/) - cycle Shift-Dir - straight line, f/p - scorpion
Aim: a scorpion (severely wounded, 71% to hit)
The puff of flame hits the scorpion.
You kill the scorpion!
* * * LOW HITPOINT WARNING * * *
You feel very sick.
It was a potion of attraction.
You feel attractive to monsters.
* * * LOW HITPOINT WARNING * * *
You feel very sick.
It was a potion of lignification.
You turn into a tree.
Your +0 leather armour melds into your body.
Your roots penetrate the ground.
You die...

###≈.≈#####≈##.######
≈≈#≈. #≈........#
.....
#≈##.####.###### #≈.≈
#≈##.# #.##....
###≈.≈#####≈##.#
#.#.....
≈≈≈≈.≈≈≈≈≈≈≈##.#
#.#.....
#...........#
#.#.####
###..######## #.#.#
##..♣# #.#.#
###†#########.#.#
#.##........#.#
............#.#
#.##.......##.####
#g#.#....<..........
.#.#.####........#.
)................>
#s#.##....).......


There were no monsters in sight!

Vanquished Creatures
  2 phantoms (D:4)
  A scorpion (D:4)
  An iguana (D:4)
  An adder (D:4)
  2 dart slugs
  7 ball pythons
  7 endoplasms
  3 giant cockroaches
  2 goblins
  8 hobgoblins
  8 jackals
  6 bats
  A frilled lizard (D:1)
  8 kobolds
  6 rats
63 creatures vanquished.

Vanquished Creatures (collateral kills)
  A goblin (D:4)
  A ball python (D:1)
2 creatures vanquished.

Vanquished Creatures (others)
  A goblin (D:1)
1 creature vanquished.

Grand Total: 66 creatures vanquished

Notes
Turn   | Place    | Note
-------+----------+-------------------------------------------
     0 | D:1      | H0rd4k the Human Artificer began the quest for the Orb.
     0 | D:1      | Reached XP level 1. HP: 15/15 MP: 1/1
   176 | D:1      | Reached XP level 2. HP: 20/21 MP: 2/2
   493 | D:1      | Reached XP level 3. HP: 26/26 MP: 3/3
  1605 | D:2      | Reached skill level 1 in Maces & Flails
  1896 | D:3      | Found a faded altar of an unknown god.
  1914 | D:3      | Reached XP level 4. HP: 16/33 MP: 4/4
  1989 | D:3      | Got Plato's Atlas of Lava
  2997 | D:4      | Noticed a scorpion
  3100 | D:4      | Noticed a phantom
  3106 | D:4      | Killed a phantom
  3107 | D:4      | Reached skill level 1 in Short Blades
  3107 | D:4      | Reached XP level 5. HP: 39/39 MP: 5/5
  3280 | D:4      | Noticed a phantom
  3310 | D:4      | Killed a phantom
  3311 | D:4      | Reached XP level 6. HP: 6/46 MP: 6/6
  3536 | D:4      | HP: 1/46 [poisoned by a scorpion]
  3537 | D:4      | Succumbed to a scorpion's poison

Illustrated notes

Levels and vault maps discovered:
D:1:      dpeg_arrival_shrine, layout_loops_ring
D:2:      layout_rooms, serial_bayou, serial_bayou_pond_e, serial_bayou_pond_d,
          serial_bayou_pond_c, serial_bayou_pond_a, serial_bayou_lake_a,
          serial_bayou_shore_a, minivault_19
D:3:      layout_basic, shapermc_ecumenical_altar_rom_forum,
          kennysheep_cross_room, bh_walls_and_bars
D:4:      layout_basic, nicolae_overflow_two_pavilions,
          minmay_temple_entry_mini_moons

Skill      XL: |  1  2  3  4  5 |
---------------+----------------+-----
Maces & Flails | 1 |  1.2
Dodging        | 2 3 |  3.3
Fighting       | 2 |  2.9
Short Blades   | 1 2 |  2.2
Stealth        | 2 |  2.3
Armour         | |  2.0
Evocations     | |  3.9

Action                     |  1- 3 |  4- 6 || total
---------------------------+-------+-------++-------
  Melee: Club              |   203 |     2 ||   205
         Punch             |     1 |       ||     1
         Short sword       |       |    94 ||    94
  Evoke: Wand              |     5 |    16 ||    21
    Use: Potion            |       |     2 ||     2
   Stab: Sleeping          |       |     2 ||     2
 Armour: Leather armour    |    63 |    22 ||    85
  Dodge: Dodged            |   160 |    55 ||   215
